AoeStats
← 知耻而后勇喜笑颜开

Arabia

508159609Analyzed
1v1 RM · 11d ago on Sep 21, 2026· 43m 51s· 2 players
Game mode
Random Map
Map size
Tiny (2 player)
Population
200
Speed
Normal
Resources
Standard
Victory
Conquest
Starting age
Dark Age
Ending age
Imperial Age
RankedLock teamsTeams togetherTeam positionsShared explorationLock speedFull tech treeHidden civsTurbo modeCheats
Victory
Defeat
🇵🇪 Turks · Peru
1338
+19
1400
-19
RJoat
6:58 Loom
9:22 Feudal Age
9:25 Man-at-Arms
16:38 Scale Mail Armor
17:07 Double-Bit Axe
21:52 Castle Age
19:43 Horse Collar
22:18 Bloodlines
23:06 Bow Saw
23:23 Heavy Plow
23:24 Fletching
24:51 Husbandry
30:49 Ballistics
32:46 Wheelbarrow
32:07 Town Watch
34:44 Hand Cart
35:49 Scale Barding Armor
39:15 Imperial Age
36:43 Gold Mining
36:51 Stone Mining
38:22 Thumb Ring
39:35 Masonry
40:41 Forging
42:17 Chain Barding Armor
45:04 Plate Barding Armor
44:24 Bodkin Arrow
知耻而后勇喜笑颜开
0:38 Loom
8:33 Feudal Age
9:00 Double-Bit Axe
12:47 Wheelbarrow
14:48 Fletching
16:24 Horse Collar
16:33 Town Watch
17:35 Padded Archer Armor
18:19 Gold Mining
23:50 Castle Age
22:47 Scale Mail Armor
23:39 Bloodlines
24:11 Forging
24:07 Scale Barding Armor
24:12 Pikeman
26:24 Bow Saw
26:14 Heavy Plow
27:24 Iron Casting
26:46 Elite Skirmisher
30:16 Bodkin Arrow
31:12 Ballistics
32:48 Sanctity
34:19 Leather Archer Armor
38:29 Imperial Age
37:59 Chain Mail Armor
38:05 Squires
38:12 Stone Mining
38:47 Hand Cart
40:35 Chemistry
44:36 Blast Furnace
43:36 Bracer
Connection lost

Rejoining the realm…

Still unreachable

The connection could not be restored.

Session expired

The server has moved on; the page needs a fresh start.